AoeStats
← 无忧无虑

Glade

510457382Analyzed
1v1 RM · 1d ago on Oct 1, 2026· 65m 9s· 2 players
Game mode
Random Map
Map size
Tiny (2 player)
Population
200
Speed
Normal
Resources
Standard
Victory
Conquest
Starting age
Dark Age
Ending age
Imperial Age
RankedLock teamsTeams togetherTeam positionsShared explorationLock speedFull tech treeHidden civsTurbo modeCheats
Victory
Defeat
🇺🇸 Varangians · United States
622
+14
🇨🇳 Teutons · China
573
-28
无忧无虑
12:50 Feudal Age
13:58 Man-at-Arms
18:59 Horse Collar
21:43 Double-Bit Axe
22:23 Loom
24:44 Castle Age
24:51 Long Swordsman
25:17 Gambesons
25:33 Squires
33:37 Imperial Age
31:43 Wheelbarrow
32:17 Scale Mail Armor
32:29 Forging
35:37 Two-Handed Swordsman
39:22 Hand Cart
38:54 Town Watch
41:21 Iron Casting
41:03 Chain Mail Armor
42:36 Hoardings
43:34 Heavy Plow
43:56 Bow Saw
45:37 Chemistry
47:41 Bombard Tower
46:58 Champion
48:08 Gold Mining
49:53 Sappers
54:57 Two-Man Saw
54:25 Bloodlines
53:36 Cavalier
56:43 Elite Teutonic Knight
58:32 Blast Furnace
57:34 Loom
59:50 Conscription
59:32 Stone Mining
60:21 Crop Rotation
63:56 Guard Tower
Sabrina Carpenter
8:19 Loom
10:04 Feudal Age
10:57 Double-Bit Axe
12:36 Bloodlines
17:16 Scale Barding Armor
18:50 Horse Collar
19:50 Forging
22:53 Wheelbarrow
24:53 Town Watch
27:38 Castle Age
25:50 Fletching
28:02 Gold Mining
28:40 Husbandry
28:03 Light Cavalry
30:30 Chain Barding Armor
38:52 Hand Cart
43:03 Bow Saw
42:57 Heavy Plow
42:51 Stone Mining
42:32 Vendel Legacy
45:30 Iron Casting
48:07 Fervor
49:57 Bodkin Arrow
53:35 Murder Holes
54:01 Ballistics
53:53 Masonry
53:28 Treadmill Crane
60:07 Imperial Age
61:23 Conscription
60:26 Cavalier
60:27 Hussar
61:47 Plate Barding Armor
62:13 Blast Furnace
60:50 Elite Jarl
61:24 Onager
63:59 Town Patrol
65:53 Chemistry
64:59 Siege Engineers
Connection lost

Rejoining the realm…

Still unreachable

The connection could not be restored.

Session expired

The server has moved on; the page needs a fresh start.